Map: Dash and Terminal LE (Void)

Players

wabbajack - Winner!

  • Race: Zerg Zerg
  • League: Gold

BlueBerry

  • Race: Protoss Protoss
  • League: Grandmaster

VOD

Have the link to the VOD?

Description

Time

  • Played on: July 21, 2015, 1:11 p.m.
  • Length: 4:51
Show
View Real Time Build Order
Export as new Build Order

wabbajack Zerg - Winner!

Build Orders: Hatch First 

Get SALT Encoding   

  12  0:01  Drone  
  13  0:14  Overlord  
  13  0:18  Drone  
  14  0:25  Drone, Extractor  
  15  0:32  Drone  
  16  0:37  Drone  
  17  0:58  Hatchery  
  17  0:59  Extractor  
  17  1:02  Drone  
  16  1:06  Drone  
  17  1:25  Spawning Pool  
  16  1:29  Drone  
  16  1:30  Drone  
  18  1:38  Drone  
  19  1:51  Drone  
  20  2:12  Queen  
  20  2:15  Roach Warren, Queen  
  23  2:17  Drone  
  23  2:20  Zergling x2  
  25  2:23  Drone  
  25  2:24  Drone  
  27  2:30  Overlord  
  27  2:37  Drone  
  27  2:41  Metabolic Boost  
  28  2:57  Drone  
  28  2:58  Drone  
  30  3:06  Overlord x2  
  30  3:30  Roach  
  30  3:31  Roach x8  
  48  3:38  Overlord  
  48  3:49  Zergling x2  
  48  3:50  Zergling x6  
  52  4:06  Zergling x6  
  52  4:07  Zergling x10  
  60  4:19  Spine Crawler  
  60  4:22  Spine Crawler  
Show
View Real Time Build Order
Export as new Build Order

BlueBerry Protoss 

Build Orders:  

Get SALT Encoding   

  12  0:01  Probe  
  13  0:16  Pylon  
  13  0:18  Probe  
  15  0:35  Probe (Chrono Boost)  
  15  0:36  Gateway  
  15  0:44  Probe (Chrono Boost)  
  16  0:52  Probe  
  16  0:55  Assimilator  
  16  0:57  Assimilator  
  17  1:04  Probe (Chrono Boost)  
  17  1:07  Pylon  
  18  1:15  Probe (Chrono Boost)  
  19  1:21  Probe  
  20  1:30  Cybernetics Core  
  20  1:34  Probe  
  21  1:44  Zealot  
  21  1:46  Probe  
  24  1:58  Probe  
  25  2:05  Pylon  
  25  2:07  Warp Gate (Chrono Boost)  
  25  2:10  Probe  
  26  2:22  Mothership Core  
  28  2:34  Pylon  
  28  2:36  Gateway  
  28  2:37  Gateway  
  28  2:45  Gateway  
  28  3:43  Adept x4  
  35  4:05  Stalker x4  
  34  4:29  Stalker x4  
Tags
 
Add a new tag
Caveats
  • Supply blocks, unpowered buildings, or Contaminate may cause inaccurate times.
  • Supply counts are checked every 10 seconds.